 Dungeon Crawl Stone Soup version 0.18-b1-22-ge198996 (webtiles) character file.

188 Wooh the Skirmisher (level 5, 0/47 HPs)
             Began as a Draconian Transmuter on May 4, 2016.
             Slain by a jelly (2 damage)
             ... on level 4 of the Dungeon.
             The game lasted 00:08:28 (3137 turns).

Wooh the Skirmisher (Draconian Transmuter)          Turns: 3137, Time: 00:08:28

Health: 0/47       AC: -3    Str: 13    XL:     5   Next: 39%
Magic:  6/8        EV: 12    Int: 14    God:
Gold:   192        SH:  0    Dex: 11    Spells: 3 memorised, 2 levels left

rFire  . . .     SeeInvis .       - Unarmed
rCold  . . .     Gourm    .     (armour unavailable)
rNeg   . . .     Faith    .     (no shield)
rPois  .         Spirit   .     (helmet restricted)
rElec  .         Dismiss  .     (no cloak)
rCorr  .         Reflect  .     (no gloves)
SustAt .         Harm     .     (no boots)
MR     .....                    (no amulet)
Stlth  +.........               (no ring)
                                (no ring)

@: corroded, not resistant to hostile enchantments, very unstealthy
A: unfitting armour, cold-blooded, AC +5
a: no special abilities


You were on level 4 of the Dungeon.
You were not hungry.

You visited 1 branch of the dungeon, and saw 4 of its levels.

You collected 192 gold pieces.

Inventory:

Missiles
 a - 7 arrows
 d - 4 tomahawks (quivered)
Wands
 q - a wand of acid (1/15)
Scrolls
 e - a scroll of enchant weapon {unknown}
 h - a scroll of noise {unknown}
 l - 2 scrolls of enchant armour {unknown}
 n - a scroll of amnesia {unknown}
 r - 2 scrolls of remove curse {unknown}
 s - a scroll of fog {unknown}
 t - a scroll of magic mapping {unknown}
 u - a scroll of identify
Potions
 g - a potion of haste
 j - a potion of lignification
 k - 2 potions of cancellation
 m - a potion of agility {unknown}
 o - a potion of heal wounds
Books
 b - a book of Changes

   Spells                             Type                      Level
   a - Beastly Appendage              Transmutation                1
   b - Sticks to Snakes               Transmutation                2
   c - Spider Form                    Transmutation/Poison         3
   d - Ice Form                       Ice/Transmutation            4
   e - Blade Hands                    Transmutation                5
Miscellaneous
 p - a plain deck of destruction
Comestibles
 c - 5 bread rations
 f - 3 fruits
 i - a meat ration


   Skills:
 - Level 4.3 Fighting
 - Level 1.7 Dodging
 - Level 3.0 Unarmed Combat
 - Level 2.0 Spellcasting
 + Level 4.0 Transmutations


You had 2 spell levels left.
You knew the following spells:

 Your Spells              Type           Power        Failure   Level  Hunger
a - Beastly Appendage     Trmt           ##....       4%          1    ##.....
b - Sticks to Snakes      Trmt           ##......     10%         2    ###....
c - Spider Form           Trmt/Pois      #.........   30%         3    ####...


Dungeon Overview and Level Annotations

Branches:
Dungeon (4/15)
 Temple: D:4-7

Altars:
Elyvilon
Gozag
Kikubaaqudgha
Makhleb
Nemelex Xobeh
Vehumet
Xom

Annotations:
D:3 1 runed door


Innate Abilities, Weirdness & Mutations

Your plain brown scales are hard (AC +5).
Your body does not fit into most forms of armour.
You are cold-blooded and may be slowed by cold attacks.


Message History

You hit the jelly.
Your hands burn!
You tail-slap the jelly, but do no damage.
Your punch misses the jelly.
The jelly is lightly wounded.
The jelly hits you.
You are splashed with acid!
The acid burns!
You hit the jelly. The acid corrodes you!
Your hands burn!
The jelly is heavily wounded.
The jelly jiggles.
The jelly hits you but does no damage.
You hit the jelly.
Your hands burn!
* * * LOW HITPOINT WARNING * * *
The jelly is severely wounded.
The jelly hits you.
* * * LOW HITPOINT WARNING * * *
You are splashed with acid!
The acid corrodes you!
The acid burns!
* * * LOW HITPOINT WARNING * * *
Casting: Beastly Appendage
Confirm with . or Enter, or press ? or * to list all spells.
You create a snake!
You now have 7 arrows.
The jelly hits you.
You die...

... #.# .# ####.## #########
###.....### ##..._...##
##########.J@....#
#.......##'##S##'########
#.......##.##.##.#......#
#.......##+##'##'#.####.#
#..................####.#####
#..................##.......#
#.......##............#.###.#
#.....>.######.###.####.#
####.#### ##)###......#


You could see a jelly and a friendly ball python.

Vanquished Creatures
  A giant frog skeleton (D:4)
  A jelly (D:4)
  3 adders
  4 worms
  A dart slug (D:1)
  2 giant geckos
  2 orcs (D:4)
  6 giant cockroaches
  9 hobgoblins
  8 jackals
  2 quokkas
  A sheep (D:4)
  13 bats
  2 giant newts
  5 goblins
  A jackal skeleton (D:4)
  7 kobolds
  6 rats
74 creatures vanquished.

Vanquished Creatures (collateral kills)
  An adder (D:3)
  A worm (D:3)
  A bat (D:3)
3 creatures vanquished.

Grand Total: 77 creatures vanquished

Notes
Turn   | Place    | Note
--------------------------------------------------------------
     0 | D:1      | Wooh the Draconian Transmuter began the quest for the Orb.
     0 | D:1      | Reached XP level 1. HP: 16/16 MP: 3/3
    93 | D:1      | Reached XP level 2. HP: 13/24 MP: 3/5
   319 | D:1      | Learned a level 2 spell: Sticks to Snakes
   850 | D:1      | Reached XP level 3. HP: 22/31 MP: 6/6
  1000 | D:2      | Found an opulent altar of Gozag.
  1070 | D:2      | Learned a level 3 spell: Spider Form
  1174 | D:2      | Found a faded altar to an unknown god.
  1538 | D:2      | Reached XP level 4. HP: 25/41 MP: 3/7
  2170 | D:3      | Found a white marble altar of Elyvilon.
  2170 | D:3      | Found a runed door.
  2170 | D:3      | Noticed an angel
  2835 | D:3      | Found a radiant altar of Vehumet.
  2839 | D:3      | Found an ancient bone altar of Kikubaaqudgha.
  2841 | D:3      | Found a burning altar of Makhleb.
  2935 | D:4      | Found a sparkling altar of Nemelex Xobeh.
  2960 | D:4      | Reached XP level 5. HP: 39/47 MP: 8/8
  3125 | D:4      | Found a shimmering altar of Xom.
  3135 | D:4      | HP: 1/47 [acid (10)]
  3137 | D:4      | Slain by a jelly

Skill      XL: |  1  2  3  4  5 |
---------------+----------------+-----
Fighting       | 2 3 4 |  4.3
Transmutations | 3 4 |  4.0
Dodging        | |  1.7
Unarmed Combat | |  3.0
Spellcasting   | |  2.0

Action                   |  1- 3 |  4- 6 || total
-------------------------+-------+-------++-------
Melee: Unarmed           |   162 |   171 ||   333
       Kick              |     6 |     8 ||    14
       Tailslap          |    14 |    22 ||    36
       Punch             |       |     3 ||     3
       Headbutt          |       |     1 ||     1
 Cast: Beastly Appendage |     4 |     6 ||    10
       Sticks to Snakes  |     2 |     3 ||     5
  Use: Scroll            |       |     4 ||     4
 Stab: Sleeping          |     1 |       ||     1
  Eat: Chunk             |     2 |     6 ||     8
Armor: Skin              |    50 |    48 ||    98
Dodge: Dodged            |   115 |   102 ||   217
